 Dungeon Crawl Stone Soup version 0.22-a0-406-g9ff8d77 (webtiles) character file.

218463 iamserjio the Brawler (level 19, -4/177 HPs)
             Began as a Ghoul Monk on May 8, 2018.
             Was the Champion of Cheibriados.
             Killed from afar by a lindwurm (8 damage)
             ... with a blast of flame
             ... called by a spriggan druid
             ... on level 4 of the Swamp.
             The game lasted 03:12:52 (50657 turns).

iamserjio the Brawler (Ghoul Monk)                 Turns: 50657, Time: 03:12:53

Health: -4/177     AC: 22    Str: 35    XL:     19   Next: 51%
Magic:  0/38       EV: 19    Int: 35    God:    Cheibriados [******]
Gold:   1556       SH: 24    Dex: 27    Spells: 24/28 levels left

rFire    + . .     SeeInvis .     - Unarmed
rCold    + . .     Gourm    .   K - +3 shield "Dasiq" {Int+8}
rNeg     + + +     Faith    .   S - +2 plate armour {rF+}
rPois    ∞         Spirit   +   L - +3 hat of Pondering {ponderous, MR+ MP+10 Int+5}
rElec    .         Reflect  +   c - scarf {Spirit}
rCorr    .         Harm     .   (no gloves)
MR       +++..                  r - +2 pair of boots
Stlth    ..........             G - +5 amulet of reflection
HPRegen  0.00/turn              U - +3 ring of slaying
MPRegen  0.26/turn              X - ring of protection from magic

@: marked, very slightly contaminated, rotting, very slow
A: rotting body, claws 1, carnivore, cold resistance 1, negative energy
resistance 3, inhibited regeneration, torment resistance, unbreathing
a: Bend Time, Temporal Distortion, Slouch, Step From Time, Renounce Religion


You were on level 4 of the Swamp.
You worshipped Cheibriados.
Cheibriados was exalted by your worship.
You were not hungry.

You visited 7 branches of the dungeon, and saw 33 of its levels.
You also visited: Ice Cave.

You collected 3898 gold pieces.
You spent 2342 gold pieces at shops.

Inventory:

Armour
 c - a scarf of spirit shield (worn)
 j - the +3 salamander hide armour {+Rage rF++}
   (You took it off a deep elf death mage on level 3 of the Elven Halls)

   It greatly protects you from fire.
   It lets you go berserk.
 r - a +2 pair of boots (worn)
 A - a +6 plate armour of ponderousness
 K - the +3 shield "Dasiq" (worn) {Int+8}
   (You found it on level 2 of the Elven Halls)

   It affects your intelligence (+8).
 L - the +3 hat of Pondering (worn) {ponderous, MR+ MP+10 Int+5}
   (You bought it in a shop on level 2 of the Orcish Mines)

   It affects your intelligence (+5).
   It affects your resistance to hostile enchantments.
   It affects your magic capacity (+10).
 R - a scarf of cloud immunity
 S - a +2 plate armour of fire resistance (worn)
 W - a +3 ring mail of cold resistance
Jewellery
 a - an uncursed ring of see invisible
 d - an uncursed ring of resist corrosion
 w - an uncursed ring of protection from cold
 y - a +3 ring of slaying
 G - a +5 amulet of reflection (around neck)
 U - a +3 ring of slaying (left claw)
 X - a ring of protection from magic (right claw)
Wands
 u - a wand of disintegration (10)
 x - a wand of polymorph (11)
 z - a wand of scattershot (3)
 D - a wand of digging (9)
 E - a wand of iceblast (29)
 I - a wand of paralysis (38)
 M - a wand of enslavement (37)
 Q - a wand of clouds (3)
 Y - a wand of flame (44)
Scrolls
 h - 8 scrolls of teleportation
 k - 3 scrolls of identify
 l - 5 scrolls of amnesia
 m - a scroll of acquirement
 p - 8 scrolls of immolation
 t - 5 scrolls of magic mapping
 B - 6 scrolls of fear
 C - 4 scrolls of remove curse
 O - 2 scrolls of fog
 P - a scroll of summoning
Potions
 e - 15 potions of curing
 f - 6 potions of brilliance
 i - 5 potions of heal wounds
 o - 5 potions of flight
 q - 2 potions of cancellation
 F - 3 potions of magic
 J - 3 potions of might
 N - a potion of ambrosia
 T - 2 potions of agility
Miscellaneous
 v - a phantom mirror
 H - a phial of floods (inert)
 V - a lamp of fire
 Z - a lightning rod (4/4)
Comestibles
 b - 56 rations
 g - 9 chunks of flesh


   Skills:
 + Level 17.0 Fighting
 - Level 8.1 Armour
 - Level 12.0 Dodging
 - Level 2.1 Stealth
 - Level 14.0 Shields
 + Level 17.8 Unarmed Combat
 - Level 5.0 Spellcasting
 - Level 5.0 Translocations
 * Level 13.5 Invocations


You had 24 spell levels left.
You knew the following spells:

 Your Spells              Type           Power        Failure   Level  Hunger
a - Blink                 Tloc           N/A          5%          2    None
b - Apportation           Tloc           #####.       3%          1    None
c - Confusing Touch       Hex            #.....       28%         1    None


Dungeon Overview and Level Annotations

Branches:
Dungeon (15/15)            Temple (1/1) D:7            Lair (6/6) D:10
  Swamp (4/4) Lair:2       Spider (0/4) Lair:4        Slime (0/5) Lair:5
    Orc (2/2) D:10            Elf (3/3) Orc:2        Vaults (0/5) D:14
 Depths (2/5) D:15

Altars:
Ashenzari
Cheibriados
Dithmenos
Elyvilon
Fedhas
Gozag
Hepliaklqana
Qazlal
Ru
Sif Muna
Uskayaw
Vehumet
Xom
Yredelemnul
Zin
The Shining One
Beogh
Jiyva

Shops:
D:8 =   D:12 (   Orc:2 [*(=   Elf:1 *   Elf:2 ?   Elf:3 ?*   Depths:1 *

Portals:
Hell: Depths:1
Abyss: Depths:2
Pandemonium: Depths:1

Annotations:
D:3 DEFE's ghost, amateur MiFi
Swamp:3 Mara
Swamp:4 Lernaean hydra


Innate Abilities, Weirdness & Mutations

Your body is rotting away.
You thrive on raw meat.
You are immune to poison.
You have sharp fingernails.
You are carnivorous and can eat meat at any time.
Your flesh is cold resistant. (rC+)
You are immune to negative energy. (rN+++)
You do not regenerate when monsters are visible.
You are immune to unholy pain and torment.
You can survive without breathing.


Message History

The 27-headed Lernaean hydra closely misses you.
The 27-headed Lernaean hydra bites you!
* * * LOW HITPOINT WARNING * * *
The 27-headed Lernaean hydra misses you.
The 27-headed Lernaean hydra bites you but does no damage.
The 27-headed Lernaean hydra misses you.
An insubstantial wisp comes into view.
Blink to where?
Press: ? - help, Dir - move target cursor Splash!
You are very lightly contaminated with residual magic.
As you read the scroll of blinking, it crumbles to dust.
You feel roots moving beneath the ground.
The 27-headed Lernaean hydra knocks down a tree!
There is a stone staircase leading up here.
You are hit by a branch!
* * * LOW HITPOINT WARNING * * *
The lindwurm breathes flames at you. The blast of flame hits you! You resist.
You die...

♣...v≈..♣♣♣.≈≈
♣♣♣≈vw§v.....≈≈
♣.i≈vt.w≈≈≈≈≈≈≈
♣♣.Dk♣♣.≈v≈≈≈≈≈≈
♣♣.≈≈.♣♣...§v.v≈≈
♣≈≈≈≈.≈k≈..k§≈≈≈≈
♣♣≈§≈≈≈≈v≈.vvv≈≈≈≈
♣≈§≈≈≈.vk≈v.≈≈≈≈≈≈
♣@≈≈≈.≈≈v≈).≈≈≈≈≈≈
♣...♣♣≈v≈≈.≈≈≈k≈..
♣≈≈.♣♣♣♣.(......≈≈
♣.≈≈♣♣♣♣..≈.[♣≈.≈.≈
♣.≈.♣ ♣.≈.........§
♣♣♣♣♣♣♣.≈≈≈≈≈.≈≈≈..
♣♣.≈≈≈≈≈≈≈.≈≈..
♣....≈≈≈≈≈...i≈
♣...≈≈≈≈≈≈...D†


You could see the 27-headed Lernaean hydra, a lindwurm, a spriggan druid, a
swamp drake and 5 insubstantial wisps.

Vanquished Creatures
  Rupert (Orc:2)
  A deep elf blademaster (Elf:3)
  Asterion (Elf:3)
  Donald (Orc:2)
  An azure jelly (shapeshifter) (Depths:1)
  4 thorn hunters
  A frost giant (Depths:1)
  2 fire giants (Depths:1)
  2 orc warlords
  5 deep elf sorcerers (Elf:3)
  Aizul (Swamp:3)
  3 deep elf elementalists (Elf:3)
  2 very ugly things (Depths:1)
  2 stone giants (Depths:1)
  A war gargoyle (Depths:1)
  4 deep elf demonologists
  4 deep elf annihilators (Elf:3)
  Azrael (D:14)
  An ettin (Depths:1)
  8 deep elf death magi
  Josephine (D:11)
  An ogre mage (D:15)
  3 deep elf high priests (Elf:3)
  An ice dragon (Depths:1)
  A vault guard (D:14)
  A great orb of eyes (Depths:1)
  2 rakshasas (Depths:1)
  13 hydras
  A juggernaut simulacrum (Depths:2)
  4 centaur warriors
  A ghost crab (Swamp:2)
  9 two-headed ogres
  11 alligators
  13 dancing weapons
  A tengu warrior (Depths:1)
  2 deep troll earth magi (Depths:1)
  5 death yaks
  2 hell hogs
  Urug (D:12)
  4 orc high priests
  20 deep elf knights
  3 deep trolls (Depths:1)
  10 skeletal warriors
  3 glowing orange brains (Depths:1)
  2 unseen horrors
  2 spriggan druids
  2 wizards
  7 swamp dragons
  4 deep elf archers (Elf:1)
  A necromancer (IceCv)
  4 shambling mangroves
  5 orc knights
  A wolf spider zombie (D:13)
  12 orc sorcerers
  44 deep elf magi
  3 manticores
  20 ugly things
  4 cyclopes
  An oklob plant (Swamp:3)
  An ice statue (IceCv)
  3 black mambas
  A torpor snail (Lair:2)
  2 naga magi (D:15)
  22 spiny frogs
  9 komodo dragons
  4 yaktaurs (Depths:1)
  4 rime drakes
  10 freezing wraiths (IceCv)
  2 efreet
  A komodo dragon (shapeshifter) (Depths:1)
  A tengu conjurer (Depths:1)
  A troll (shapeshifter) (Depths:2)
  7 trolls
  8 tyrant leeches
  7 bog bodies
  18 hornets
  5 polar bears
  A wolf spider simulacrum (IceCv)
  2 harpy skeletons (D:15)
  19 blink frogs
  6 hippogriffs
  10 slime creatures
  6 dream sheep (Lair:6)
  A redback (Lair:4)
  2 air elementals
  A shadow (Swamp:1)
  5 wraiths
  17 spriggans
  5 water elementals
  A human (D:9)
  A yak (shapeshifter) (Depths:1)
  3 basilisks
  7 wyverns
  A golden eye (shapeshifter) (Depths:1)
  50 yaks
  6 fire elementals
  A hungry ghost (D:11)
  3 hogs (D:9)
  22 vampire mosquitoes
  3 wargs
  10 swamp worms
  3 acid dragons
  5 insubstantial wisps (Swamp:3)
  10 porcupines
  12 water moccasins
  8 hell hounds
  45 orc warriors
  6 swamp drakes
  7 sky beasts
  6 black bears
  10 ice beasts
  2 alligator simulacra (IceCv)
  2 necrophages
  11 boggarts
  21 wolves
  16 centaurs
  An eye of draining (D:11)
  15 ogres
  17 crocodiles
  22 bullfrogs
  2 big kobolds (D:8)
  5 earth elementals
  Blork the orc (D:4)
  A wyvern skeleton (D:9)
  2 scorpions
  17 killer bees
  An oklob sapling (Swamp:3)
  19 wights
  7 howler monkeys
  An electric eel (D:13)
  12 crimson imps
  3 bullfrog zombies
  24 orc priests
  6 centaur zombies
  4 draconian simulacra (IceCv)
  8 hounds
  3 bullfrog skeletons
  3 jellies
  4 centaur skeletons
  26 orc wizards
  Terence (D:2)
  9 iguanas
  8 worker ants
  Natasha (thrice) (D:2)
  2 hell rats (Lair:2)
  3 spriggan simulacra (IceCv)
  2 troll simulacra (IceCv)
  A killer bee zombie (D:9)
  A wolf simulacrum (IceCv)
  2 centaur simulacra (IceCv)
  A hound zombie (D:11)
  2 worker ant zombies (D:11)
  11 gnolls
  15 adders
  5 naga simulacra (IceCv)
  4 ogre simulacra (IceCv)
  7 river rats (Lair:2)
  2 shadow imps
  23 white imps
  An ooze (D:6)
  3 adder skeletons
  A worm (D:2)
  2 dart slugs
  3 leopard geckos
  110 orcs
  12 bats
  5 giant cockroaches
  5 goblins (D:1)
  8 hobgoblins
  10 jackals
  21 kobolds
  5 quokkas
  A ball python skeleton (D:4)
  A jackal skeleton (D:6)
  A jackal zombie (D:5)
  A quokka skeleton (D:4)
  3 rats
  2 briar patches
  A butterfly (D:3)
  2 crawling corpses
  2 fungi (Swamp:3)
1230 creatures vanquished.

Vanquished Creatures (collateral kills)
  An ice beast (D:5)
1 creature vanquished.

Vanquished Creatures (others)
  A deep elf master archer (Elf:3)
  A stone giant (Depths:1)
  A wizard (Depths:1)
  2 deep elf archers (Elf:1)
  A yaktaur (Depths:1)
  A hornet (Swamp:4)
  A boggart (Depths:1)
  A white imp (IceCv)
  An orc (Orc:2)
  7 briar patches
  15 fungi
  14 plants
46 creatures vanquished.

Grand Total: 1277 creatures vanquished

Notes
Turn   | Place    | Note
-------+----------+-------------------------------------------
     0 | D:1      | iamserjio the Ghoul Monk began the quest for the Orb.
     0 | D:1      | Reached XP level 1. HP: 19/19 MP: 0/0
   326 | D:1      | Reached XP level 2. HP: 16/26 MP: 1/1
   867 | D:1      | Reached XP level 3. HP: 31/31 MP: 2/2
  1450 | D:2      | Noticed Terence
  1598 | D:2      | Killed Terence
  1598 | D:2      | Reached XP level 4. HP: 17/40 MP: 3/3
  1906 | D:2      | Found a hide-covered altar of Uskayaw.
  2153 | D:2      | Noticed Natasha
  2171 | D:2      | Killed Natasha
  2171 | D:2      | Reached XP level 5. HP: 22/45 MP: 4/4
  2197 | D:2      | Reached skill level 5 in Unarmed Combat
  2371 | D:2      | Found a stormy altar of Qazlal.
  2372 | D:2      | Noticed a fire elemental
  2372 | D:2      | Noticed a water elemental
  2372 | D:2      | Noticed an air elemental
  3689 | D:3      | Reached XP level 6. HP: 46/53 MP: 5/5
  3695 | D:3      | Noticed DEFE's ghost (amateur MiFi)
  3845 | D:2      | Noticed Natasha
  3859 | D:2      | Killed Natasha
  3897 | D:2      | Noticed Natasha
  4327 | D:2      | Killed Natasha
  4711 | D:3      | Found a shimmering altar of Xom.
  5258 | D:3      | Found a shimmering altar of Xom.
  5429 | D:4      | Noticed Blork the orc
  5620 | D:4      | Reached XP level 7. HP: 58/60 MP: 6/6
  6031 | D:4      | Killed Blork the orc
  6637 | D:4      | Reached skill level 5 in Dodging
  6745 | D:4      | Reached XP level 8. HP: 42/63 MP: 7/7
  7029 | D:5      | Entered Level 5 of the Dungeon
  7140 | D:5      | Learned a level 2 spell: Blink
  8521 | D:5      | Found a deep blue altar of Sif Muna.
  9300 | D:6      | Found a shadowy altar of Dithmenos.
  9385 | D:6      | Found a sacrificial altar of Ru.
  9687 | D:6      | Reached skill level 10 in Unarmed Combat
  9860 | D:6      | Reached XP level 9. HP: 27/72 MP: 8/8
 10512 | D:7      | Found a staircase to the Ecumenical Temple.
 10533 | Temple   | Entered the Ecumenical Temple
 10551 | Temple   | Became a worshipper of Cheibriados the Contemplative
 10551 | Temple   | Reached * piety under Cheibriados
 10551 | Temple   | Reached ** piety under Cheibriados
 10706 | D:7      | Found an opulent altar of Gozag.
 10814 | D:7      | Reached skill level 1 in Invocations
 11451 | D:7      | Reached skill level 1 in Armour
 11451 | D:7      | Reached skill level 1 in Translocations
 11507 | D:7      | Found Zin's Purification Station.
 11507 | D:7      | Found a glowing silver altar of Zin.
 11515 | D:7      | Bought a potion of curing for 90 gold pieces
 11871 | D:7      | Reached skill level 5 in Fighting
 12044 | D:7      | Reached XP level 10. HP: 81/81 MP: 11/11
 12246 | D:8      | Reached *** piety under Cheibriados
 12681 | D:8      | Found Aqusuepp's Jewellery Boutique.
 12820 | D:8      | Found a white marble altar of Elyvilon.
 12876 | D:8      | Noticed a two-headed ogre
 12881 | D:8      | Killed a two-headed ogre
 13726 | D:9      | Reached **** piety under Cheibriados
 14318 | D:9      | Reached skill level 5 in Invocations
 14405 | D:9      | Found a glowing golden altar of the Shining One.
 14451 | D:9      | Reached XP level 11. HP: 62/91 MP: 14/14
 14825 | D:9      | Reached ***** piety under Cheibriados
 15316 | D:10     | Entered Level 10 of the Dungeon
 15317 | D:10     | Found a staircase to the Orcish Mines.
 15849 | D:8      | Bought an uncursed ring of see invisible for 165 gold pieces
 15927 | D:10     | Found a staircase to the Lair.
 15957 | D:10     | Noticed an unseen horror
 15965 | D:10     | Killed an unseen horror
 16221 | D:10     | Noticed a two-headed ogre
 16573 | D:10     | Killed a two-headed ogre
 16888 | D:11     | Noticed an unseen horror
 16902 | D:11     | Killed an unseen horror
 17099 | D:11     | Noticed a red ugly thing
 17110 | D:11     | Killed a red ugly thing
 17110 | D:11     | Reached XP level 12. HP: 64/103 MP: 16/16
 17533 | D:11     | Reached ****** piety under Cheibriados
 17767 | D:11     | Reached skill level 5 in Armour
 17900 | D:11     | Noticed Josephine
 17912 | D:11     | Killed Josephine
 18777 | D:12     | Found Istrav's Weapon Shoppe.
 18791 | D:12     | Noticed a two-headed ogre
 18798 | D:12     | Killed a two-headed ogre
 18798 | D:12     | Reached skill level 10 in Fighting
 18894 | D:12     | Noticed Urug
 18912 | D:12     | Killed Urug
 19668 | D:12     | Noticed a two-headed ogre
 19680 | D:12     | Killed a two-headed ogre
 19933 | D:13     | Noticed a two-headed ogre
 19942 | D:13     | Killed a two-headed ogre
 19944 | D:13     | Noticed a centaur warrior
 19949 | D:13     | Killed a centaur warrior
 19949 | D:13     | Reached XP level 13. HP: 61/114 MP: 18/18
 20356 | D:13     | Reached skill level 5 in Translocations
 20687 | D:13     | Reached skill level 10 in Dodging
 21010 | D:13     | Found a runed door.
 21674 | D:13     | Found a roughly hewn altar of Beogh.
 21827 | Orc:1    | Entered Level 1 of the Orcish Mines
 21934 | Orc:2    | Entered Level 2 of the Orcish Mines
 21934 | Orc:2    | Noticed Rupert
 22399 | D:14     | Noticed Azrael
 22415 | D:14     | Found a basalt altar of Yredelemnul.
 22622 | D:14     | Killed Azrael
 22950 | D:14     | Reached XP level 14. HP: 123/125 MP: 20/20
 23202 | D:14     | Found a shimmering altar of Xom.
 23301 | D:14     | Found a gate to the Vaults.
 23455 | D:14     | Reached skill level 1 in Spellcasting
 23865 | D:15     | Entered Level 15 of the Dungeon
 23880 | D:15     | Reached skill level 10 in Invocations
 24472 | D:15     | Paralysed by an ogre mage for 6 turns
 25405 | D:15     | Found a staircase to the Depths.
 25851 | Orc:2    | Killed Rupert
 25851 | Orc:2    | Reached XP level 15. HP: 78/135 MP: 21/21
 26591 | Orc:2    | Found a staircase to the Elven Halls.
 26597 | Elf:1    | Entered Level 1 of the Elven Halls
 26735 | Orc:2    | Paralysed by an orc sorcerer for 4 turns
 26736 | Orc:2    | Noticed Donald
 27565 | Orc:2    | Killed Donald
 27570 | Orc:2    | Noticed an orc warlord
 27839 | Orc:1    | Killed an orc warlord
 28149 | Orc:2    | Reached skill level 1 in Shields
 28573 | Orc:2    | Reached skill level 5 in Spellcasting
 28743 | Orc:2    | Noticed an orc warlord
 28763 | Orc:2    | Killed an orc warlord
 29207 | Orc:2    | Found Dacut's Antique Armour Emporium.
 29208 | Orc:2    | Found Ixell's Antique Weapon Emporium.
 29209 | Orc:2    | Found Feqym's General Store.
 29209 | Orc:2    | Found Aclunum's Jewellery Shoppe.
 29225 | Orc:2    | Bought the +3 hat of Pondering {ponderous, MR+ MP+10 Int+5} for 1295 gold pieces
 29225 | Orc:2    | Found the +3 hat of Pondering {ponderous, MR+ MP+10 Int+5}
 29263 | Orc:2    | Bought a scroll of identify for 30 gold pieces
 29263 | Orc:2    | Bought a scroll of identify for 30 gold pieces
 29651 | Orc:2    | Reached skill level 5 in Shields
 30897 | Elf:1    | Learned a level 1 spell: Apportation
 30944 | Elf:1    | Reached XP level 16. HP: 138/143 MP: 23/23
 31103 | Elf:1    | Found Hamoa's Assorted Antiques.
 31482 | Elf:1    | Found a deep blue altar of Sif Muna.
 31634 | Elf:2    | Found Lajusour's Magic Scroll Shoppe.
 31635 | Elf:2    | Got a jewelled shield
 31676 | Elf:1    | Identified the +3 shield "Dasiq" {Int+8} (You found it on level 2 of the Elven Halls)
 32459 | Elf:3    | Entered Level 3 of the Elven Halls
 32576 | Elf:2    | Bought a scroll of teleportation for 51 gold pieces
 32576 | Elf:2    | Bought a scroll of teleportation for 51 gold pieces
 32576 | Elf:2    | Bought a scroll of fog for 34 gold pieces
 32576 | Elf:2    | Bought a scroll of teleportation for 51 gold pieces
 32576 | Elf:2    | Bought a scroll of fog for 34 gold pieces
 32576 | Elf:2    | Bought a scroll of summoning for 161 gold pieces
 32773 | Elf:2    | Found a runed gate.
 32773 | Elf:2    | Found a runed gate.
 32775 | Elf:2    | Found a runed gate.
 33247 | Elf:3    | Found Xaudghea's Book Emporium.
 33272 | Elf:3    | Found Lodghidoll's General Store.
 33281 | Elf:3    | Bought a scroll of identify for 38 gold pieces
 33315 | Elf:3    | Found Wuokk's Magic Scroll Emporium.
 33318 | Elf:3    | Bought a scroll of summoning for 152 gold pieces
 34012 | Elf:3    | Reached skill level 15 in Unarmed Combat
 34272 | Elf:3    | Noticed Asterion
 34290 | Elf:3    | Killed Asterion
 34684 | Elf:3    | Got a blackened scale mail
 34976 | Elf:3    | Identified the +0 scale mail of Repulsion {rPois Regen+ Int+3} (You found it on level 3 of the Elven Halls)
 35010 | Elf:3    | Got a crystal dire flail {crush}
 35021 | Elf:3    | Noticed a deep elf blademaster
 35033 | Elf:3    | Killed a deep elf blademaster
 35033 | Elf:3    | Reached skill level 10 in Shields
 35313 | Elf:3    | Reached XP level 17. HP: 134/154 MP: 25/25
 35668 | Elf:3    | Noticed a Tzitzimitl
 35889 | Elf:3    | Noticed a deep elf master archer
 35893 | Elf:3    | Noticed a Brimstone Fiend
 36025 | Elf:3    | Killed a deep elf master archer
 36037 | Elf:3    | Got an encrusted leather armour
 36794 | Elf:3    | Identified the cursed +0 leather armour of Intercession {Dex+4} (You found it on level 3 of the Elven Halls)
 37102 | Elf:3    | Bought a scroll of teleportation for 48 gold pieces
 37102 | Elf:3    | Bought a scroll of teleportation for 48 gold pieces
 37102 | Elf:3    | Bought a scroll of identify for 32 gold pieces
 37103 | Elf:3    | Bought a scroll of identify for 32 gold pieces
 37455 | Depths:1 | Entered Level 1 of the Depths
 37705 | Depths:1 | Reached skill level 15 in Fighting
 38263 | Depths:1 | Found a gateway to Hell.
 39082 | Depths:1 | Found a one-way gate leading to the halls of Pandemonium.
 39097 | Depths:1 | Found Maufedgh's General Store.
 40464 | Depths:2 | Found a one-way gate to the infinite horrors of the Abyss.
 41255 | Lair:1   | Entered Level 1 of the Lair of Beasts
 41258 | Lair:1   | Reached XP level 18. HP: 163/163 MP: 26/26
 41798 | Lair:2   | Found a frozen archway.
 41846 | Lair:2   | Found a staircase to the Swamp.
 41869 | IceCv    | Entered an ice cave
 42283 | IceCv    | Found an ancient bone altar of Kikubaaqudgha.
 42352 | IceCv    | Got an ichor-stained short sword
 42513 | IceCv    | Found the +0 pair of fencer's gloves {+Riposte Dex+3}
 43617 | Lair:2   | Identified the +8 short sword of Darkness {antimagic, Int+4} (You found it in an ice cave)
 44443 | Lair:4   | Found a hole to the Spider Nest.
 45132 | Lair:5   | Found a staircase to the Slime Pits.
 45132 | Lair:5   | Found a viscous altar of Jiyva.
 45620 | Lair:6   | Entered Level 6 of the Lair of Beasts
 47188 | Swamp:1  | Entered Level 1 of the Swamp
 47928 | Swamp:2  | Learned a level 1 spell: Confusing Touch
 48002 | Swamp:2  | Reached XP level 19. HP: 166/174 MP: 27/27
 48958 | Swamp:3  | Noticed Aizul
 48968 | Swamp:3  | Killed Aizul
 49203 | Swamp:3  | Identified a scroll of acquirement
 49204 | Swamp:3  | Identified the +5 ring mail "Iheckim" {Dex+3} (You found it on level 3 of the Swamp)
 49925 | Swamp:3  | Noticed Mara
 50503 | Swamp:4  | Entered Level 4 of the Swamp
 50634 | Swamp:4  | Noticed the 27-headed Lernaean hydra
 50654 | Swamp:4  | HP: 8/177 [the 27-headed Lernaean hydra (5)]
 50657 | Swamp:4  | Killed from afar by a lindwurm

Vault maps used:
D:1:      enne_arrival_octagon_isle, st_stairs_4, minivault_26, eino_curves_03,
          minmay_misc_feat_more_columns, hex_large
D:2:      lemuel_crystal_altar, nicolae_qazlal_style_of_elements, uniq_natasha,
          uniq_terence
D:3:      xom_butterflies, amethyst_killhole, led_xom_imps
D:4:      first_ration, uniq_blork_the_orc
D:5:      tgw_sif
D:6:      nicolae_ru_sacrificial_ziggurat,
          nicolae_dithmenos_through_a_glass_darkly
D:7:      grunt_gozag_breadcrumbs, zin_purify, minmay_temple_entry_glass
D:8:      elyvilon_altar_3, serial_shops, shop
D:9:      grunt_livestock, minmay_misc_feat_iff, nicolae_tso_carved_into_rock
D:10:     lair_entry_dummy, david_orc_2, minmay_joined_circles
D:11:     serial_curves, eino_curves_03, eino_curves_03,
          nicolae_underground_beach, uniq_josephine
D:12:     serial_shops, shop, uniq_urug
D:13:     serial_bayou_ford_a, minmay_misc_feat_alley,
          wad_floor_pattern_untrapped, lightli_church_of_beogh
D:14:     david_vaults_5, basic_altar, lemuel_doored_altar, grunt_decor_clamped,
          hangedman_decor_clover_reticule, uniq_azrael
D:15:     grunt_enter_depths_magical_seal, kennysheep_pointless_box,
          special_room
Temple:   regret_index_temple_sphere_string
Lair:2:   cheibrodos_lair_river_kwai, minmay_swamp_entry_reptiles,
          portal_ice_cave_entry_imps, kennysheep_rathole
Lair:3:   beast_lair_carwin_5, lemuel_fruit_tree, serial_bayou_shore_a
Lair:4:   spider_nest_entry_a, grunt_megastairs_2
Lair:5:   slime_altar_1
Lair:6:   minmay_lair_end_enchanted_forest
Swamp:1:  evilmike_swamp_ruin_rubble_2
Swamp:2:  nicolae_swamp_dense_foliage
Swamp:3:  nicolae_swamp_phyte_club, evilmike_swamp_ruin_rubble_1, uniq_aizul,
          uniq_mara
Swamp:4:  swamp_alternative, swamp_pool5, infiniplex_staircase_pool
Orc:1:    nicolae_orc_damp_corner
Orc:2:    st_orc_congregation, uniq_rupert, uniq_donald
Elf:1:    minmay_elf_arrival_summoners, serial_shops, shop, basic_altar,
          minivault_28, hangedman_elf_power_crystal
Elf:2:    serial_shops, nicolae_shop_waterfront, solitary_fountain
Elf:3:    minmay_elf_hall_dome, serial_shops, nicolae_shop_stone, shop, shop,
          uniq_asterion
Depths:1: grunt_hell_horde, minmay_strange_pillars, pan_entry, serial_shops,
          shop, lemuel_flame_loot_1
Depths:2: hangedman_crystal_crosses_colossus, abyss_entry, hell_entry
IceCv:    ice_cave_small_necro

Skill      XL: |  1  2  3  4  5  6  7  8  9 10 11 12 13 14 15 16 17 18 19 |
---------------+----------------------------------------------------------+-----
Dodging        | 3 4 5 6 7 8 9 10 11 12 | 12.0
Unarmed Combat | 4 5 6 8 10 11 12 13 14 15 16 17 | 17.8
Fighting       | 4 5 6 8 10 12 13 14 15 16 17 | 17.0
Invocations    | 3 5 7 8 9 10 11 12 13 | 13.5
Armour         | 1 3 4 5 7 8 |  8.1
Translocations | 1 3 4 5 |  5.0
Spellcasting   | 3 5 |  5.0
Shields        | 7 10 12 14 | 14.0
Stealth        | |  2.1

Action                   |  1- 3 |  4- 6 |  7- 9 | 10-12 | 13-15 | 16-18 | 19-21 || total
-------------------------+-------+-------+-------+-------+-------+-------+-------++-------
Melee: Unarmed           |    95 |   241 |   302 |   573 |   997 |  1562 |   355 ||  4125
       Punch             |     1 |     2 |    16 |    52 |    82 |       |       ||   153
 Cast: Apportation       |       |       |       |       |       |     1 |       ||     1
Invok: Slouch            |       |       |       |       |    20 |     9 |     2 ||    31
       Bend Time         |       |       |       |       |     1 |       |       ||     1
Evoke: Wand              |       |       |     5 |    13 |    12 |     5 |     2 ||    37
       Lightning rod     |       |       |       |       |       |     3 |       ||     3
       Phial of floods   |       |       |       |       |       |     1 |     1 ||     2
       Lamp of fire      |       |       |       |       |       |     1 |       ||     1
  Use: Scroll            |       |     7 |    13 |     7 |    17 |    26 |     8 ||    78
       Potion            |       |     2 |       |     1 |     4 |     4 |     1 ||    12
 Stab: Sleeping          |     4 |     2 |       |       |       |       |       ||     6
       Confused          |       |       |       |     2 |       |       |       ||     2
       Distracted        |       |       |       |       |       |     4 |       ||     4
  Eat: Chunk             |     5 |    12 |    22 |    32 |    52 |   107 |    15 ||   245
Armor: Robe              |    20 |     5 |       |       |     8 |       |       ||    33
       Scale mail        |       |    42 |    79 |   160 |   161 |       |       ||   442
       Chain mail        |       |       |       |       |    41 |    82 |       ||   123
       Plate armour      |       |       |       |       |       |   185 |   101 ||   286
       Ring mail         |       |       |       |       |       |    29 |       ||    29
Dodge: Dodged            |    70 |   107 |   146 |   477 |   803 |   551 |   159 ||  2313
Block: Other             |       |       |       |    72 |   152 |       |       ||   224
       Reflection        |       |       |       |     2 |    20 |    74 |    17 ||   113
       Shield            |       |       |       |       |   213 |  1481 |   363 ||  2057

Table legend:
 A = Spawn XP
 B = Non-spawn XP
 C = Spawn XP percentage of total XP
 D = Spawn monster count
 E = Non-spawn monster count
 F = Spawn count percentage of total count
 G = Total turns spent on level
                    A         B        C        D         E        F      G
               +---------+---------+-------+---------+---------+-------+---------
         Total |       0 |  358658 |   0.0 |       0 |    1231 |   0.0 | 50657
               +---------+---------+-------+---------+---------+-------+---------
           D:1 |       0 |      46 |   0.0 |       0 |      26 |   0.0 |  1782
           D:2 |       0 |     300 |   0.0 |       0 |      28 |   0.0 |  2459
           D:3 |       0 |     277 |   0.0 |       0 |      26 |   0.0 |  1412
           D:4 |       0 |     783 |   0.0 |       0 |      23 |   0.0 |  1587
           D:5 |       0 |     385 |   0.0 |       0 |       8 |   0.0 |  1908
           D:6 |       0 |     944 |   0.0 |       0 |      21 |   0.0 |  1526
           D:7 |       0 |    1959 |   0.0 |       0 |      31 |   0.0 |  1469
           D:8 |       0 |    2256 |   0.0 |       0 |      35 |   0.0 |  1518
           D:9 |       0 |    4149 |   0.0 |       0 |      45 |   0.0 |  2126
          D:10 |       0 |    4530 |   0.0 |       0 |      30 |   0.0 |  1104
          D:11 |       0 |    9073 |   0.0 |       0 |      58 |   0.0 |  2024
          D:12 |       0 |    5903 |   0.0 |       0 |      25 |   0.0 |  1316
          D:13 |       0 |   18885 |   0.0 |       0 |      74 |   0.0 |  2140
          D:14 |       0 |   11072 |   0.0 |       0 |      35 |   0.0 |  1732
          D:15 |       0 |   22684 |   0.0 |       0 |      67 |   0.0 |  2050
        Lair:1 |       0 |    8787 |   0.0 |       0 |      34 |   0.0 |   564
        Lair:2 |       0 |   11219 |   0.0 |       0 |      54 |   0.0 |  1174
        Lair:3 |       0 |    4575 |   0.0 |       0 |      19 |   0.0 |   735
        Lair:4 |       0 |    3915 |   0.0 |       0 |      19 |   0.0 |   653
        Lair:5 |       0 |    4294 |   0.0 |       0 |      12 |   0.0 |   564
        Lair:6 |       0 |   19188 |   0.0 |       0 |      84 |   0.0 |  1514
       Swamp:1 |       0 |   10277 |   0.0 |       0 |      27 |   0.0 |   714
       Swamp:2 |       0 |   12966 |   0.0 |       0 |      28 |   0.0 |  1022
       Swamp:3 |       0 |   24189 |   0.0 |       0 |      46 |   0.0 |  1566
       Swamp:4 |       0 |    8875 |   0.0 |       0 |      13 |   0.0 |   154
         Orc:1 |       0 |    3595 |   0.0 |       0 |      22 |   0.0 |  2200
         Orc:2 |       0 |   23687 |   0.0 |       0 |     120 |   0.0 |  2743
         Elf:1 |       0 |   31562 |   0.0 |       0 |      50 |   0.0 |  1924
         Elf:2 |       0 |   15526 |   0.0 |       0 |      22 |   0.0 |  1078
         Elf:3 |       0 |   49375 |   0.0 |       0 |      44 |   0.0 |  3888
      Depths:1 |       0 |   35565 |   0.0 |       0 |      49 |   0.0 |  3171
      Depths:2 |       0 |    1280 |   0.0 |       0 |       2 |   0.0 |    62
         IceCv |       0 |    6537 |   0.0 |       0 |      54 |   0.0 |   742
               +---------+---------+-------+---------+---------+-------+---------
